 Dungeon Sprint DCSS version 0.17.2-1-ge4368a0 (webtiles) character file.

354 mopl the Covert (level 6, 0/45 HPs)
             Began as a Spriggan Assassin on Aug 23, 2016.
             Was a Priest of Trog.
             Slain by a wolf (9 damage)
             ... in the Dungeon (Sprint VII: "The Pits").
             The game lasted 00:01:51 (324 turns).

mopl the Covert (Spriggan Assassin)                  Turns: 324, Time: 00:01:51

Health: 0/45       AC:  3    Str: 12    XL:     6   Next: 35%
Magic:  7/7        EV: 17    Int: 13    God:    Trog [***...]
Gold:   0          SH:  0    Dex: 19    Spells: 0 memorised, 5 levels left

rFire  . . .     SeeInvis +     a - +1 dagger (drain)
rCold  . . .     Clarity  .     c - +0 robe
rNeg   . . .     SustAt   .     (shield restricted)
rPois  .         Gourm    .     (helmet restricted)
rElec  .         Spirit   .     d - +0 cloak
rCorr  .         Warding  .     (gloves unavailable)
rMut   .         NoTele   +     (boots unavailable)
MR     +....                    (no amulet)
Stlth  ..........               (no ring)
                                (no ring)

@: berserking (expiring), very quick, somewhat resistant to hostile
enchantments, extremely unstealthy
A: unfitting armour, see invisible, herbivore 3, speed 3, slow metabolism 2
a: Berserk, Trog's Hand, Burn Spellbooks, Renounce Religion


You were in the Dungeon.
You worshipped Trog.
Trog was most pleased with you.
You were not hungry.

You visited 1 branch

Inventory:

Hand Weapons
 a - a +1 dagger of draining (weapon)
 b - a +0 blowgun
 t - a +1 long sword of holy wrath
Missiles
 e - 8 poisoned needles
 f - 2 curare-tipped needles
Armour
 c - a +0 robe (worn)
 d - a +0 cloak (worn)
Scrolls
 m - a scroll of blinking
 n - 3 scrolls of remove curse
 o - 5 scrolls of amnesia
 p - a scroll of summoning
 q - 2 scrolls of vulnerability
Potions
 h - 6 potions of curing
 i - 6 potions of heal wounds
 j - a potion of haste
 k - 4 potions of magic
 l - 3 potions of berserk rage {!q}
 r - 2 potions of invisibility
Comestibles
 g - 8 bread rations
 s - 40 fruits


   Skills:
 - Level 1.5 Fighting
 - Level 2.1 Short Blades
 * Level 11.2 Throwing
 - Level 1.5 Dodging
 + Level 12.9 Stealth


You had 5 spell levels left.
You didn't know any spells.

Dungeon Overview and Level Annotations

Branches:
Dungeon (1/1)

Altars:
Ashenzari
Cheibriados
Dithmenos
Elyvilon
Fedhas
Gozag
Kikubaaqudgha
Makhleb
Nemelex Xobeh
Okawaru
Qazlal
Ru
Sif Muna
Trog
Vehumet
Xom
Yredelemnul
Zin
The Shining One
Beogh
Jiyva
Lugonu


Innate Abilities, Weirdness & Mutations

You are tiny and cannot use many weapons and most armour.
You have supernaturally acute eyesight.
You are a herbivore.
You cover ground extremely quickly.
You need consume almost no food.


Message History

The wolf barely misses you. The wolf bites you!
* * * LOW HITPOINT WARNING * * *
The quokka misses you.
You miss the wolf.
The wolf is heavily wounded.
The wolf closely misses you. The wolf misses you.
You closely miss the wolf.
The wolf is heavily wounded.
The quokka misses you. The wolf closely misses you. The wolf misses you.
You hit the wolf but do no damage. You drain the wolf!
The wolf is severely wounded.
The wolf misses you. The quokka misses you. The wolf barely misses you.
You miss the wolf.
The wolf is severely wounded.
The wolf barely misses you. The wolf closely misses you.
The quokka closely misses you.
You barely miss the wolf.
The wolf is severely wounded.
The wolf barely misses you. The wolf bites you!
You die...

...†'................+
#####......#..#......#
#[[##................#
#).#####'#####''#####
#))##.......##''#########
#))##.......##..........#
#..##.......##..........+
#'###...<...##.)#####...#
...##.......##.h@hhJ# ..
...##.......##..#rh.#
#####.......##..#h..#
##########..##### #...
#.... ##+##


You could see 5 wolves, a jelly and a quokka.

Vanquished Creatures
  A deep elf fighter (D)
  A wolf (D)
  A brain worm (D)
  An adder (D)
  A river rat (D)
  A giant eyeball (D)
  A goblin (D)
  4 jackals (D)
  2 quokkas (D)
  A ball python (D)
  A jackal zombie (D)
15 creatures vanquished.

Notes
Turn   | Place    | Note
--------------------------------------------------------------
     0 | D        | mopl the Spriggan Assassin began the quest for the Orb.
     0 | D        | Reached XP level 1. HP: 10/10 MP: 2/2
    15 | D        | Reached skill level 6 in Stealth
    20 | D        | Reached skill level 3 in Throwing
    50 | D        | Reached skill level 4 in Throwing
    50 | D        | Reached skill level 7 in Stealth
    50 | D        | Reached XP level 2. HP: 14/14 MP: 3/3
    82 | D        | Found a sacrificial altar of Ru.
    82 | D        | Found a basalt altar of Yredelemnul.
    82 | D        | Found a glowing golden altar of the Shining One.
    82 | D        | Found a deep blue altar of Sif Muna.
    82 | D        | Found a burning altar of Makhleb.
    82 | D        | Found an ancient bone altar of Kikubaaqudgha.
    82 | D        | Found a glowing silver altar of Zin.
    83 | D        | Found a shadowy altar of Dithmenos.
    83 | D        | Found a bloodstained altar of Trog.
    83 | D        | Found a shattered altar of Ashenzari.
    83 | D        | Found a white marble altar of Elyvilon.
    83 | D        | Found a snail-covered altar of Cheibriados.
    83 | D        | Found a blossoming altar of Fedhas.
    83 | D        | Found a radiant altar of Vehumet.
    83 | D        | Found a shimmering altar of Xom.
    83 | D        | Found a sparkling altar of Nemelex Xobeh.
    83 | D        | Found a corrupted altar of Lugonu.
    83 | D        | Found a viscous altar of Jiyva.
    83 | D        | Found a roughly hewn altar of Beogh.
    83 | D        | Found an iron altar of Okawaru.
    86 | D        | Became a worshipper of Trog the Wrathful
    89 | D        | Found a stormy altar of Qazlal.
    89 | D        | Found an opulent altar of Gozag.
   117 | D        | Noticed a brain worm
   120 | D        | Killed a brain worm
   120 | D        | Reached skill level 7 in Throwing
   120 | D        | Reached skill level 9 in Stealth
   120 | D        | Reached XP level 3. HP: 18/18 MP: 4/4
   120 | D        | Reached XP level 4. HP: 22/22 MP: 5/5
   144 | D        | Reached * piety under Trog
   148 | D        | Paralysed by a giant eyeball for 3 turns
   157 | D        | Reached ** piety under Trog
   211 | D        | Noticed a deep elf fighter
   236 | D        | Killed a deep elf fighter
   236 | D        | Reached skill level 10 in Throwing
   236 | D        | Reached skill level 11 in Stealth
   236 | D        | Reached XP level 5. HP: 19/25 MP: 6/6
   307 | D        | Noticed a jelly
   307 | D        | Noticed a wolf
   307 | D        | Noticed a wolf
   307 | D        | Noticed a wolf
   307 | D        | Noticed a wolf
   307 | D        | Noticed a wolf
   307 | D        | Noticed a wolf
   314 | D        | Killed a wolf
   314 | D        | Reached *** piety under Trog
   314 | D        | Reached skill level 11 in Throwing
   314 | D        | Reached skill level 12 in Stealth
   314 | D        | Reached XP level 6. HP: 30/30 MP: 7/7
   324 | D        | Slain by a wolf

Action                   |  1- 3 |  4- 6 || total
-------------------------+-------+-------++-------
Melee: Dagger            |    16 |    36 ||    52
 Fire: Blowgun           |       |     5 ||     5
Invok: Berserk           |       |     2 ||     2
 Stab: Sleeping          |     5 |     1 ||     6
